Map: Ephemeron LE

Players

llllllllllll (Trap)

  • Race: Protoss Protoss
  • League: Master
  • Spawn Location: 5:00

TSGSolar (Solar) - Winner!

  • Race: Zerg Zerg
  • League: Master
  • Spawn Location: 11:00

VOD

Have the link to the VOD?

Description

Time

  • Played on: Jan. 7, 2020, 7:06 p.m.
  • Length: 12:26
Show
View Real Time Build Order
Export as new Build Order

llllllllllll Protoss 

Build Orders: Oracle Opening, Archon Immortal 

Get SALT Encoding   

  12  0:00  Probe  
  13  0:12  Probe  
  14  0:18  Pylon  
  14  0:24  Probe  
  15  0:36  Probe (Chrono Boost)  
  16  0:44  Gateway  
  16  0:46  Probe (Chrono Boost)  
  17  0:51  Probe (Chrono Boost)  
  17  0:56  Forge  
  18  1:03  Probe  
  19  1:04  Assimilator  
  19  1:15  Probe  
  20  1:24  Pylon  
  20  1:28  Pylon  
  20  1:31  Pylon  
  20  1:43  Photon Cannon  
  20  1:45  Photon Cannon  
  20  1:48  Cybernetics Core  
  20  1:51  Probe  
  21  2:11  Photon Cannon  
  21  2:18  Pylon  
  21  2:21  Adept (Chrono Boost)  
  21  2:25  Warp Gate  
  23  2:40  Probe, Nexus  
  24  2:44  Adept  
  26  2:52  Probe  
  26  2:55  Assimilator  
  26  3:04  Probe  
  27  3:09  Stargate  
  27  3:14  Pylon  
  27  3:17  Probe  
  28  3:22  Adept  
  30  3:29  Probe (Chrono Boost)  
  31  3:39  Probe (Chrono Boost)  
  32  3:44  Probe (Chrono Boost)  
  34  3:56  Oracle (Chrono Boost)  
  34  3:58  Probe (Chrono Boost)  
  34  4:00  Probe (Chrono Boost)  
  40  4:10  Probe (Chrono Boost)  
  40  4:11  Probe (Chrono Boost)  
  40  4:15  Probe (Chrono Boost)  
  39  4:18  Stalker  
  39  4:19  Probe  
  39  4:22  Pylon x2  
  39  4:23  Oracle (Chrono Boost)  
  42  4:28  Probe  
  46  4:40  Probe x2  
  48  4:52  Probe x2  
  49  5:03  Adept  
  49  5:04  Probe x2  
  53  5:09  Oracle (Chrono Boost)  
  56  5:15  Nexus  
  56  5:16  Probe, Pylon  
  56  5:19  Probe, Pylon  
  58  5:26  Gateway  
  58  5:29  Probe  
  58  5:31  Probe  
  58  5:35  Assimilator  
  60  5:36  Assimilator  
  60  5:37  Robotics Facility  
  60  5:40  Shield Battery  
  60  5:41  Probe, Sentry  
  63  5:44  Probe  
  64  5:51  Phoenix  
  64  5:53  Probe  
  67  5:57  Probe, Gateway  
  68  6:05  Probe  
  68  6:08  Forge  
  68  6:09  Probe  
  70  6:17  Probe  
  71  6:20  Adept  
  71  6:21  Probe, Twilight Council  
  74  6:27  Zealot  
  74  6:28  Immortal  
  74  6:29  Probe (Chrono Boost)  
  74  6:30  Probe (Chrono Boost)  
  82  6:35  Probe (Chrono Boost)  
  82  6:36  Protoss Ground Weapons Level 1 (Chrono Boost), Protoss Ground Armor Level 1 (Chrono Boost)  
  83  6:41  Probe (Chrono Boost)  
  83  6:46  Pylon  
  86  6:47  Probe (Chrono Boost)  
  86  6:48  Probe (Chrono Boost)  
  86  6:49  Probe (Chrono Boost), Sentry  
  89  6:55  Assimilator x2  
  89  6:58  Probe x3  
  88  7:09  Immortal (Chrono Boost)  
  88  7:10  Charge  
  88  7:12  Probe x3  
  88  7:15  Pylon  
  95  7:18  Pylon  
  95  7:29  Gateway  
  92  7:30  Gateway  
  92  7:32  Templar Archives  
  92  7:41  Probe x3  
  92  7:42  Gateway  
  92  7:43  Gateway  
  97  7:44  Gateway  
  97  7:45  Warp Prism (Chrono Boost)  
  97  7:49  Pylon  
  97  7:53  Photon Cannon  
  97  7:55  Pylon  
  97  7:56  Pylon  
  97  7:57  Zealot  
  99  8:01  Zealot  
  99  8:02  Zealot  
  103  8:09  Photon Cannon  
  103  8:17  Psionic Storm  
  107  8:22  High Templar x2  
  107  8:23  Zealot  
  109  8:27  Archon  
  109  8:40  Zealot x5  
  119  8:47  Protoss Ground Weapons Level 2 (Chrono Boost)  
  119  8:50  Pylon  
  119  8:51  Pylon  
  119  8:55  High Templar x3  
  123  8:58  Protoss Ground Armor Level 2 (Chrono Boost)  
  123  9:01  Photon Cannon  
  125  9:06  Shield Battery  
  121  9:11  High Templar x2  
  121  9:12  Zealot x3  
  121  9:16  Archon  
  131  9:18  Immortal (Chrono Boost)  
  131  9:31  Pylon, Shield Battery  
  131  9:32  Pylon  
  131  9:33  Shield Battery  
  131  9:34  Fleet Beacon  
  131  9:38  Photon Cannon  
  131  9:40  Photon Cannon  
  131  9:41  Shield Battery  
  131  9:43  Shield Battery  
  131  9:45  High Templar x2  
  135  9:46  Zealot x3  
  135  9:56  Zealot x3  
  135  9:58  Immortal (Chrono Boost)  
  131  10:21  Zealot  
  131  10:22  Zealot x7  
  131  10:25  Mothership (Chrono Boost)  
  131  10:27  Immortal (Chrono Boost)  
  151  10:46  Archon  
  151  10:48  Zealot x2  
  151  10:49  Zealot  
  153  10:54  High Templar  
  153  10:55  High Templar x2  
  147  11:08  Zealot  
  147  11:09  Zealot x3  
  126  11:19  Immortal (Chrono Boost)  
  126  11:21  Zealot  
  123  11:33  High Templar x2  
  123  11:34  Zealot x5  
  123  11:36  Photon Cannon  
  123  11:37  Photon Cannon  
  123  11:38  Archon, Shield Battery  
  131  11:59  Archon  
  119  12:04  Zealot x5  
  99  12:09  Zealot  
Show
View Real Time Build Order
Export as new Build Order

TSGSolar Zerg - Winner!

Build Orders: Hatch First, Swarm Host 

Get SALT Encoding   

  12  0:01  Drone  
  13  0:13  Overlord  
  13  0:17  Drone  
  14  0:31  Drone x2  
  16  0:49  Hatchery  
  15  0:52  Drone  
  15  0:56  Drone  
  17  0:59  Drone  
  18  1:10  Extractor  
  17  1:14  Spawning Pool  
  17  1:18  Drone  
  17  1:22  Drone  
  18  1:29  Drone  
  19  1:43  Drone  
  20  1:50  Hatchery  
  19  2:01  Zergling x2  
  19  2:03  Queen  
  22  2:13  Overlord  
  22  2:15  Metabolic Boost  
  22  2:27  Zergling x2  
  25  2:32  Zergling x2  
  25  2:34  Zergling x2  
  27  2:41  Spine Crawler  
  26  2:44  Drone  
  26  2:49  Drone x2  
  26  2:52  Queen  
  28  3:01  Overlord  
  28  3:02  Queen  
  31  3:05  Drone  
  31  3:07  Zergling x2  
  34  3:12  Drone  
  34  3:16  Zergling x2  
  35  3:22  Drone  
  35  3:25  Zergling x4  
  35  3:26  Drone  
  38  3:33  Overlord  
  38  3:42  Drone x2  
  38  3:45  Drone  
  40  3:53  Drone  
  40  3:55  Drone x3  
  44  3:56  Drone  
  42  4:07  Drone x2  
  44  4:16  Hatchery  
  42  4:17  Drone x2  
  42  4:19  Spore Crawler  
  43  4:29  Spore Crawler, Drone  
  43  4:30  Drone  
  44  4:34  Overlord  
  44  4:36  Queen  
  46  4:40  Drone x2  
  48  4:48  Drone x2  
  48  4:50  Drone  
  48  4:51  Drone  
  51  4:53  Drone  
  51  4:56  Drone  
  53  5:01  Spore Crawler  
  53  5:02  Drone  
  53  5:04  Drone x3  
  56  5:09  Drone  
  57  5:14  Zergling x2  
  57  5:18  Zergling x4  
  59  5:24  Overlord  
  59  5:25  Lair  
  59  5:28  Queen  
  60  5:29  Zergling x6  
  60  5:30  Drone  
  60  5:33  Extractor  
  60  5:34  Drone  
  62  5:39  Extractor  
  62  5:40  Overlord  
  62  5:41  Drone  
  62  5:46  Drone x2  
  62  5:47  Drone x2  
  62  5:48  Drone x3  
  69  5:50  Drone, Roach Warren  
  69  5:52  Drone  
  69  5:56  Drone  
  71  6:01  Drone  
  71  6:02  Drone x2  
  71  6:03  Drone  
  75  6:07  Extractor, Drone  
  75  6:09  Extractor  
  71  6:12  Drone  
  71  6:13  Drone  
  71  6:15  Drone x2  
  71  6:16  Drone  
  73  6:20  Drone x4  
  73  6:23  Overlord  
  73  6:24  Overseer  
  77  6:26  Drone  
  77  6:30  Glial Reconstitution  
  77  6:32  Overlord  
  78  6:36  Overlord  
  78  6:37  Evolution Chamber  
  78  6:39  Extractor  
  76  6:41  Infestation Pit, Overlord  
  76  6:42  Roach  
  76  6:43  Roach x2, Drone  
  81  6:48  Overlord  
  82  6:56  Drone x4, Infestation Pit  
  82  6:59  Drone x4  
  85  7:02  Drone  
  85  7:03  Drone x2  
  85  7:08  Drone  
  87  7:10  Drone  
  88  7:16  Overlord  
  88  7:21  Drone x3  
  84  7:30  Drone x4  
  84  7:33  Overlord, Zerg Missile Weapons Level 1  
  84  7:35  Hatchery  
  84  7:36  Overlord  
  87  7:39  Roach x2  
  87  7:43  Swarm Host x4  
  103  7:45  Swarm Host  
  103  7:48  Swarm Host  
  103  7:50  Overlord  
  109  7:55  Nydus Network  
  108  8:01  Swarm Host x3  
  108  8:05  Swarm Host x2  
  117  8:08  Swarm Host  
  117  8:11  Overlord  
  125  8:13  Swarm Host  
  125  8:18  Roach x2  
  132  8:20  Overlord  
  132  8:23  Zergling x6  
  132  8:26  Ravager x3  
  138  8:28  Overlord  
  138  8:31  Roach  
  140  8:34  Nydus Canal  
  140  8:35  Roach x2  
  140  8:38  Zergling x2  
  140  8:40  Zergling x4  
  140  8:41  Zergling x2  
  147  8:44  Overlord  
  147  8:46  Roach  
  148  8:50  Ravager x2  
  148  8:52  Roach x3  
  156  8:56  Roach x2  
  156  9:01  Roach x2  
  156  9:02  Roach  
  166  9:04  Roach  
  166  9:06  Roach x2  
  166  9:08  Roach  
  171  9:10  Roach  
  171  9:11  Roach  
  171  9:14  Roach  
  171  9:15  Roach  
  175  9:19  Overlord x2  
  175  9:28  Nydus Canal, Overlord  
  175  9:30  Spore Crawler, Overlord  
  174  9:31  Overlord  
  174  9:33  Zerg Missile Weapons Level 2  
  173  9:38  Zergling x2  
  173  9:39  Ravager x3  
  173  9:40  Roach, Ravager  
  173  9:41  Roach x2  
  173  9:42  Nydus Canal  
  184  9:46  Roach x2  
  184  9:49  Roach  
  184  9:50  Roach x2  
  184  9:51  Zergling x2  
  189  9:54  Roach x2  
  189  9:58  Roach x2  
  189  9:59  Zergling x4  
  199  10:08  Roach  
  199  10:11  Roach  
  199  10:12  Zergling x2  
  199  10:19  Zergling x2  
  199  10:24  Zergling x6  
  199  10:25  Roach x2  
  199  10:26  Roach  
  199  10:27  Roach  
  193  10:28  Nydus Canal  
  193  10:29  Zergling x8  
  193  10:34  Ravager x2  
  199  10:45  Roach x2  
  199  10:49  Roach  
  196  10:51  Roach x2  
  196  10:53  Roach  
  199  10:59  Ravager  
  196  11:05  Roach x2  
  186  11:11  Zergling x22  
  186  11:12  Roach x3  
  186  11:14  Roach  
  186  11:17  Roach x2  
  197  11:21  Queen  
  197  11:24  Ravager  
  199  11:26  Nydus Canal  
  199  11:32  Roach x2  
  199  11:35  Overseer x2  
  199  11:37  Zergling x4  
  199  11:45  Roach  
  197  11:50  Zergling x12  
  196  11:57  Zergling x10  
  198  12:01  Roach x4  
  198  12:14  Ravager  
  195  12:18  Nydus Canal  
  195  12:19  Extractor  
  197  12:24  Extractor  
Tags
 
Add a new tag
Caveats
  • Supply blocks, unpowered buildings, or Contaminate may cause inaccurate times.
  • Supply counts are checked every 10 seconds.